 Dungeon Crawl Stone Soup version 0.27-a0-1139-g28e009f8a6 (webtiles) character file.

Game seed: 16555083149755454079

833 DogServant the Slasher (level 7, -1/50 HPs)
             Began as a Djinni Gladiator on May 7, 2021.
             Was an Initiate of Makhleb.
             Slain by a worm (6 damage)
             ... on level 4 of the Dungeon.
             The game lasted 00:07:55 (5628 turns).

DogServant the Slasher (Djinni Gladiator)           Turns: 5628, Time: 00:07:55

Health: -1/50      AC:  7    Str: 15    XL:     7   Next: 98%
Gold:   213        EV: 16    Int: 12    God:    Makhleb [......] SH:  0 Dex: 15

rFire    + + .     SeeInvis .   x - +11 dagger of Righteous Fury {elec, Int+3}
rCold    x . .     Faith    .   (no shield)
rNeg     . . .     Spirit   .   u - +0 ring mail
rPois    ∞         Reflect  .   c - +0 helmet
rElec    .         Harm     .   (no cloak)
rCorr    +         Rampage  .   (no gloves)
Will     .....                  (boots unavailable)
Stlth    +.........             j - amulet of the acrobat
HPRegen  0.16/turn              s - +4 ring of evasion
MPRegen  0.00/turn              w - ring of resist corrosion

@: flying
A: sickness immunity, fire resistance 2, cold vulnerability 1, float, innate
caster, hp casting, extra vitality 1
a: Renounce Religion


You were on level 4 of the Dungeon.
You worshipped Makhleb.
Makhleb was noncommittal.
You visited 1 branch of the dungeon, and saw 4 of its levels.

You collected 213 gold pieces.

Inventory:

Hand Weapons
 a - a +0 long sword
 x - the +11 dagger of Righteous Fury (weapon) {elec, Int+3}
   (You took it off a kobold on level 4 of the Dungeon)

   Occasionally, upon striking a foe, it can discharge electrical energy and
   cause terrible harm.
   It affects your intelligence (+3).
Missiles
 d - 4 throwing nets (quivered)
Armour
 b - a +0 leather armour
 c - a +0 helmet (worn)
 u - a +0 ring mail (worn)
Jewellery
 j - an amulet of the acrobat (around neck)
 s - a +4 ring of evasion (left hand)
 w - a ring of resist corrosion (right hand)
Wands
 n - a wand of charming (10)
 z - a wand of mindburst (11)
Scrolls
 e - a scroll of blinking {unknown}
 f - 2 scrolls of magic mapping {unknown}
 h - a scroll of silence {unknown}
 i - 3 scrolls of teleportation {unknown}
 o - 2 scrolls of enchant armour {unknown}
 q - a scroll of identify {unknown}
 t - a scroll of vulnerability {unknown}
 y - a scroll of amnesia {unknown}
 A - a scroll of fear {unknown}
Potions
 g - 2 potions of brilliance {unknown}
 k - 3 potions of curing
 l - 2 potions of heal wounds {unknown}
 m - 2 potions of attraction {unknown}
 p - 2 potions of invisibility {unknown}
 r - 3 potions of mutation {unknown}
 v - a potion of flight {unknown}
 B - a potion of haste {unknown}


   Skills:
 - Level 3.0 Fighting
 + Level 6.1 Long Blades
 - Level 1.5 Throwing
 + Level 5.0 Armour
 - Level 4.0 Dodging
 - Level 0.7 Spellcasting


You had 2 spell levels left.
You knew the following spells:

 Your Spells              Type           Power      Damage    Failure   Level
a - Freeze                Ice            8%         1d3       38%         1
b - Ensorcelled Hibernat  Hex/Ice        4%         N/A       54%         2
c - Corpse Rot            Necr/Air       N/A        N/A       54%         2
Your spell library was empty.

Dungeon Overview and Level Annotations

Branches:
Dungeon (4/15)             Temple (0/1) D:4

Altars:
Makhleb
Zin

Shops:
D:1 *


Innate Abilities, Weirdness & Mutations

You are immune to sickness and miasma.
You are immune to poison.
Your flesh is very heat resistant. (rF++)
You are vulnerable to cold. (rC-)
You float through the air rather than walking.
You learn spells naturally, not from books.
Your magical power is your life essence.
You have superior vitality. (+4 HP)


Message History

The lemure hits you but does no damage.
You hit Pikel.
Pikel is almost dead.
The lemure barely misses you. x2; The lemure misses you.
You hit Pikel.
Pikel is almost dead.
Pikel completely misses you.
The lemure hits you. x2; The lemure misses you.
A worm comes into view.
The lemure misses you.
You barely miss Pikel.
Pikel is almost dead.
Pikel hits you with a +0 whip of flaming.
The lemure hits you. The lemure barely misses you.
The lemure hits you but does no damage. x2
You closely miss Pikel.
Pikel is almost dead.
Pikel hits you with a +0 whip of flaming!
* * * LOW HITPOINT WARNING * * *
Pikel burns you.
* * * LOW HITPOINT WARNING * * *
The lemure hits you.
* * * LOW HITPOINT WARNING * * *
The lemure misses you.
You puncture Pikel!
You kill Pikel!
Makhleb accepts your kill.
With Pikel's spell broken, his former minions thank you for their freedom.
The lemure departs this earthly plane. x4
Your Long Blades skill increases to level 6!
Your Armour skill gained 2 levels and is now at level 5!
You have reached level 7!
The power to cast Corpse Rot wells up from within.
Spell assigned to 'c'.
A worm is nearby!
You start resting.
A worm is nearby!
You puncture the worm!
The worm is severely wounded.
The worm bites you.
You die...

...#####....##..........##.......
.....#.#..........#.....###......
....##....###.#...#....###.......
.##....#.##...#.........#........
.###<..##(.......####............
.###.........###.#..###..........
###.................##......#....
.#...........##.##........####..§
......#.......#.@##..............
...#..##..##...w####....##.......
.......##...>...§###....#........
.##............).............>...
##.....##.#..##..........).....#.
#.....#######......w.........)###
###.### #......#.........[<# ###
###...###..........# #...##
###.########


You could see a worm.

Vanquished Creatures
  Pikel (D:4)
  A scorpion (D:4)
  2 hounds
  A bullfrog skeleton (D:4)
  A centaur skeleton (D:3)
  An orc priest (D:4)
  Robin (D:2)
  4 gnolls (D:4)
  5 adders
  A white imp (D:1)
  An adder skeleton (D:4)
  3 dart slugs
  A worm (D:1)
  4 orcs
  10 bats
  6 endoplasms
  3 giant cockroaches
  16 goblins
  7 hobgoblins
  5 jackals (D:1)
  7 kobolds
  3 quokkas
  4 ball pythons
  A frilled lizard (D:1)
  3 rats
92 creatures vanquished.

Notes
Turn   | Place    | Note
-------+----------+-------------------------------------------
     0 | D:1      | DogServant the Djinni Gladiator began the quest for the
                  | Orb.
     0 | D:1      | Reached XP level 1. HP: 18/18 MP: 0/0
    23 | D:1      | Reached XP level 2. HP: 17/23 MP: 0/0
    53 | D:1      | Reached skill level 3 in Long Blades
   107 | D:1      | Found Olied's General Store.
   620 | D:1      | Reached XP level 3. HP: 18/29 MP: 0/0
   620 | D:1      | Learned a level 1 spell: Freeze
  1051 | D:1      | Found a faded altar of an unknown god.
  1480 | D:1      | Reached XP level 4. HP: 34/34 MP: 0/0
  1679 | D:2      | Noticed Robin
  2042 | D:3      | Reached skill level 4 in Long Blades
  2042 | D:3      | Reached XP level 5. HP: 31/40 MP: 0/0
  2042 | D:3      | Learned a level 2 spell: Ensorcelled Hibernation
  2139 | D:3      | Reached skill level 1 in Armour
  2762 | D:3      | Found a glowing silver altar of Zin.
  2762 | D:3      | Found a burning altar of Makhleb.
  2764 | D:3      | Noticed a green death
  2764 | D:3      | Noticed an angel
  2775 | D:3      | Became a worshipper of Makhleb the Destroyer
  3134 | D:4      | Found a staircase to the Ecumenical Temple.
  3525 | D:4      | Identified the +11 dagger of Righteous Fury {elec, Int+3}
  3554 | D:4      | Reached XP level 6. HP: 43/46 MP: 0/0
  4033 | D:4      | Noticed Pikel
  4690 | D:3      | Found a glowing silver altar of Zin.
  4709 | D:3      | Found a burning altar of Makhleb.
  4877 | D:2      | Killed Robin
  5039 | D:2      | Reached skill level 5 in Long Blades
  5303 | D:1      | Found Olied's General Store.
  5462 | D:1      | Found a faded altar of an unknown god.
  5619 | D:4      | Killed Pikel
  5620 | D:4      | Reached skill level 6 in Long Blades
  5620 | D:4      | Reached skill level 5 in Armour
  5620 | D:4      | Reached XP level 7. HP: 3/50 MP: 0/0
  5620 | D:4      | Learned a level 2 spell: Corpse Rot
  5628 | D:4      | Slain by a worm

Illustrated notes

Levels and vault maps discovered:
D:1:      nzn_arrival_crosshair, layout_rooms,
          shapermc_ecumenical_altar_hornbeckon, serial_shops, shop,
          dk_noncrumbling_3
D:2:      layout_rooms, uniq_robin
D:3:      layout_loops_corners, grunt_temple_overflow_order_and_chaos_2
D:4:      layout_cave_pools, lemuel_coloured_pillars_altar,
          minmay_temple_entry_purple_smoke, hangedman_decor_diamond_cutter,
          chequers_serial_rivers_micro_a, uniq_pikel

Skill      XL: |  1  2  3  4  5  6 |
---------------+-------------------+-----
Long Blades    | 3 4 6 |  6.1
Dodging        | 4 |  4.0
Fighting       | 3 |  3.0
Armour         | 2 5 |  5.0
Throwing       | |  1.5
Spellcasting   | |  0.7

Action                   |  1- 3 |  4- 6 |  7- 9 || total
-------------------------+-------+-------+-------++-------
Melee: Long sword        |    88 |    93 |       ||   181
       Dagger            |       |    60 |     1 ||    61
 Stab: Sleeping          |     1 |     1 |       ||     2
Armor: Leather armour    |    34 |    17 |       ||    51
       Ring mail         |       |    17 |       ||    17
Dodge: Dodged            |    64 |   147 |       ||   211
       Rpst.: Long sword |    18 |    25 |       ||    43

Table legend: (Time is in decaauts)
 A = Elapsed time spent in this place.
 B = Non-inter-level travel time spent in this place.
 C = Inter-level travel time spent in this place.
 D = Time resting spent in this place.
 E = Time spent auto-exploring this place.
 F = Levels seen in this place.
 G = Mean time per level.
                   A        B        C        D        E       F      G
               +--------+--------+--------+--------+--------+-----+--------+
         Total |   5666 |   5512 |    154 |   1038 |   3746 |   4 | 1416.5 |
       Dungeon |   5666 |   5512 |    154 |   1038 |   3746 |   4 | 1416.5 |
               +--------+--------+--------+--------+--------+-----+--------+

Top non-repeatable levels by time:
     D:3: 2534 daAuts
     D:1: 1789 daAuts
     D:4: 697 daAuts
     D:2: 645 daAuts
